 Dungeon Crawl Stone Soup version 0.21.0-22-g11d5b5247c (webtiles) character file.

12208 Gargoyl the Cleaver (level 11, -7/92 HPs)
             Began as a Centaur Abyssal Knight on Jan 19, 2018.
             Was an Elder of Lugonu.
             Mangled by a black mamba (8 damage)
             ... on level 2 of the Lair of Beasts.
             The game lasted 00:23:00 (12786 turns).

Gargoyl the Cleaver (Centaur Abyssal Knight)       Turns: 12786, Time: 00:23:01

Health: -7/92      AC: 20    Str: 24 (25) XL:     11   Next: 59%
Magic:  15/18      EV:  7    Int:  9 (11) God:    Lugonu [****..]
Gold:   410        SH:  0    Dex: 13 (14) Spells: 10/10 levels left

rFire    . . .     SeeInvis .   f - +5 hand axe of Ceuc {drain, +Rage rElec Str+4}
rCold    . . .     Gourm    .   (no shield)
rNeg     . . .     Faith    .   g - +0 chain mail (curse)
rPois    .         Spirit   .   (no helmet)
rElec    +         Reflect  .   t - +0 cloak
rCorr    .         Harm     .   q - +2 pair of gloves
MR       .....                  (no barding)
Stlth    ..........             (no amulet)
HPRegen  0.25/turn              j - +4 ring of protection
MPRegen  0.16/turn              p - +3 ring of dexterity

@: mighty, lethally poisoned (-7 -> -36), very quick
A: large, hooves 3, yellow scales 1, deformed body, speed 2, sense surroundings
1, screaming 1, tough skin 3
a: Depart the Abyss, Bend Space, Banish, Corrupt, Renounce Religion, Evoke
Berserk Rage


You were on level 2 of the Lair of Beasts.
You worshipped Lugonu.
Lugonu was greatly pleased with you.
You were not hungry.

You visited 2 branches of the dungeon, and saw 10 of its levels.
You visited the Abyss 1 time.

You collected 602 gold pieces.
You spent 192 gold pieces at shops.

Inventory:

Hand Weapons
 a - a +2 hand axe
 f - the +5 hand axe of Ceuc (weapon) {drain, +Rage rElec Str+4}
   (You found it on level 5 of the Dungeon)

   A truly terrible weapon, it drains the life of those it strikes.
   It affects your strength (+4).
   It insulates you from electricity.
   It lets you go berserk.
Missiles
 m - 13 javelins (quivered)
Armour
 d - a +4 chain mail
 g - a cursed +0 chain mail (worn)
 n - a +1 helmet
 q - a +2 pair of gloves (worn)
 t - a +0 cloak (worn)
 D - a +1 cloak
Jewellery
 j - a +4 ring of protection (left hand)
 p - a +3 ring of dexterity (right hand)
 x - an uncursed ring of magical power {unknown}
Wands
 k - a wand of polymorph (25)
 l - a wand of random effects (34)
 r - a wand of flame (19)
 A - a wand of scattershot (4)
Scrolls
 b - 3 scrolls of amnesia
 e - a scroll of fog
 h - 5 scrolls of teleportation
 i - 2 scrolls of identify
 u - a scroll of enchant weapon
 y - a scroll of enchant armour
 z - a scroll of magic mapping
Potions
 s - a potion of flight
Comestibles
 c - 21 rations


   Skills:
 + Level 7.0 Fighting
 + Level 9.9 Axes
 + Level 2.0 Throwing
 * Level 8.2 Armour
 + Level 2.6 Dodging
 * Level 9.6 Invocations


You had 10 spell levels left.
You didn't know any spells.

Dungeon Overview and Level Annotations

Branches:
Dungeon (8/15)             Temple (0/1) D:6            Lair (2/6) D:8
  Snake (0/4) Lair:2
  Swamp: Lair:2-4    Shoals: Lair:2-4

Altars:
Dithmenos
Kikubaaqudgha
Okawaru
Ru
Sif Muna
Xom

Shops:
D:8 !

Annotations:
Abyss:1 Eustachio


Innate Abilities, Weirdness & Mutations

You have hooves in place of feet.
Armour fits poorly on your strangely shaped body.
You cover ground very quickly.
You have extremely tough skin. (AC +3)
You are partially covered in yellow scales. (AC +2)
You passively map a small area around you.
You occasionally shout uncontrollably at your foes.


Message History

It was a potion of degeneration.
There was something very wrong with that liquid.
You feel weakened.
You feel dopey.
You feel clumsy.
* * * LOW HITPOINT WARNING * * *
You feel sick.
The black mamba bites you but does no damage.
The black mamba bites you.
* * * LOW HITPOINT WARNING * * *
You are more poisoned.
The black mamba poisons you!
You hit the black mamba. Your kick misses the black mamba.
The black mamba is severely wounded.
* * * LOW HITPOINT WARNING * * *
You feel sick.
The black mamba bites you but does no damage. x2
You hit the black mamba.
The black mamba is almost dead.
* * * LOW HITPOINT WARNING * * *
You feel sick. The black mamba bites you!
You die...

* * , , ,..... , .. *
*#...# #.# , , , ...
,, #.# *, . , * ... ,
, #.# >.. ####*#.#
**#.# * ,
.P..###..###.#* ####.#
*
.........P.#.####....#
#...S@..P.††....#..# ,
##.[.##......#...#.##
#### ####.##.#.##..# ,
#.....#.##..# ..
#.....#.#..## , ,.S.
#### ####....P...#
##..P## *#..##
#....P.### #..?...,
#..## ##.....#
#......#
#...######....#


You could see a black mamba.

Vanquished Creatures
  2 black mambas
  Joseph (D:8)
  4 spiny frogs
  3 blink frogs (Lair:1)
  A hippogriff (Lair:1)
  12 yaks
  A wyvern (D:8)
  Sigmund (D:6)
  A human (D:7)
  3 hogs (D:7)
  2 hungry ghosts (D:8)
  Edmund (D:5)
  2 porcupines (Lair:2)
  2 ice beasts
  6 water moccasins
  3 sky beasts
  2 orc warriors
  3 black bears
  9 ogres
  A phantom (D:4)
  3 centaurs
  A necrophage (D:8)
  5 crocodiles (Lair:2)
  11 bullfrogs
  A wyvern zombie (D:8)
  A bullfrog zombie (D:7)
  A crimson imp (D:6)
  2 centaur zombies
  5 orc priests
  3 hounds (D:6)
  2 jellies (D:7)
  8 orc wizards
  Crazy Yiuf (D:6)
  A bullfrog skeleton (D:7)
  A centaur skeleton (D:5)
  Ijyb (D:3)
  6 worker ants
  A hound skeleton (D:7)
  14 adders
  4 gnolls (D:5)
  A howler monkey skeleton (D:4)
  A shadow imp (D:5)
  An adder zombie (D:7)
  An adder skeleton (D:8)
  2 worms
  2 dart slugs
  5 leopard geckos
  29 orcs
  4 ball pythons
  5 giant cockroaches
  8 goblins
  5 hobgoblins
  14 jackals
  9 kobolds
  3 quokkas
  12 bats
  4 frilled lizards
  A leopard gecko skeleton (D:7)
  A quokka zombie (D:8)
  7 rats
247 creatures vanquished.

Vanquished Creatures (others)
  The ghost of qwerty13 the Fighter, a journeyman CeFi of Okawaru (Lair:2)
  A black mamba (Lair:2)
  2 blink frogs (Lair:1)
  A water moccasin (Lair:2)
  2 fungi
  4 starspawn tentacles (Abyss:1)
11 creatures vanquished.

Grand Total: 258 creatures vanquished

Notes
Turn   | Place    | Note
-------+----------+-------------------------------------------
     0 | Abyss:1  | Gargoyl the Centaur Abyssal Knight began the quest for the Orb.
     0 | Abyss:1  | Reached XP level 1. HP: 19/19 MP: 2/2
    23 | Abyss:1  | Noticed an apocalypse crab
    26 | Abyss:1  | Noticed a hungry ghost
    38 | Abyss:1  | Noticed a small abomination
    39 | Abyss:1  | Noticed a tentacled starspawn
    52 | Abyss:1  | Noticed a worldbinder
    53 | Abyss:1  | Noticed a manticore
   101 | Abyss:2  | Noticed a raiju
   101 | Abyss:2  | Noticed a raiju
   156 | Abyss:2  | Noticed a starcursed mass
   166 | Abyss:2  | Noticed a quasit
   188 | Abyss:2  | Noticed a chaos spawn
   189 | Abyss:2  | Noticed an ancient zyme
   191 | D:1      | Escaped the Abyss
   301 | D:1      | Reached * piety under Lugonu
   453 | D:1      | Reached XP level 2. HP: 19/26 MP: 3/3
   481 | D:1      | Found a shimmering altar of Xom.
  1185 | D:2      | Reached XP level 3. HP: 31/31 MP: 4/4
  1300 | D:2      | Found a shadowy altar of Dithmenos.
  1495 | D:2      | Reached XP level 4. HP: 34/39 MP: 5/5
  2341 | D:3      | Reached ** piety under Lugonu
  2587 | D:3      | Noticed Ijyb
  2686 | D:3      | HP: 1/40 [orc priest/divine providence (12)]
  2974 | D:3      | Killed Ijyb
  2974 | D:3      | Reached XP level 5. HP: 46/46 MP: 7/7
  3085 | D:3      | Reached skill level 1 in Dodging
  3311 | D:3      | Noticed an ogre
  3692 | D:4      | Reached XP level 6. HP: 48/52 MP: 8/8
  4159 | D:4      | Reached *** piety under Lugonu
  4201 | D:4      | HP: 3/78 [phantom (3)]
  4661 | D:4      | Reached XP level 7. HP: 41/59 MP: 9/9
  5951 | D:5      | Entered Level 5 of the Dungeon
  6032 | D:5      | Found an iron altar of Okawaru.
  6071 | D:5      | Noticed Edmund
  6115 | D:5      | Killed Edmund
  6115 | D:5      | Reached skill level 1 in Throwing
  6521 | D:5      | Found a sacrificial altar of Ru.
  6563 | D:5      | Noticed Eustachio
  6585 | D:5      | Banished Eustachio
  6585 | D:5      | Reached XP level 8. HP: 58/67 MP: 11/11
  6598 | D:5      | Got a warped hand axe
  6599 | D:5      | Identified the +5 hand axe of Ceuc {drain, +Rage rElec Str+4} (You found it on level 5 of the Dungeon)
  6921 | D:6      | Reached skill level 5 in Axes
  6954 | D:6      | Reached skill level 5 in Invocations
  6960 | D:6      | Reached skill level 5 in Armour
  7000 | D:6      | Found a staircase to the Ecumenical Temple.
  7037 | D:6      | Reached **** piety under Lugonu
  7166 | D:6      | Noticed Sigmund
  7175 | D:6      | Killed Sigmund
  7200 | D:6      | Reached XP level 9. HP: 64/73 MP: 13/13
  7260 | D:6      | Found a runed door.
  7308 | D:6      | Reached skill level 5 in Fighting
  7575 | D:6      | Noticed Crazy Yiuf
  7581 | D:6      | Killed Crazy Yiuf
  8538 | D:7      | Gained mutation: You have a pair of small horns on your head. [potion of mutation]
  8538 | D:7      | Gained mutation: You are agile. (Dex +2) [potion of mutation]
  8538 | D:7      | Gained mutation: Your spells are a little harder to cast, but a little more powerful. [potion of mutation]
  8669 | D:7      | Reached ***** piety under Lugonu
  8709 | D:7      | Reached XP level 10. HP: 52/83 MP: 14/14
  9099 | D:8      | Found Zaitex Ylos's Distillery.
  9107 | D:8      | Bought 2 potions of mutation for 192 gold pieces
  9107 | D:8      | Lost mutation: You are agile. (Dex +2) [potion of mutation]
  9107 | D:8      | Lost mutation: You have a pair of small horns on your head. [potion of mutation]
  9107 | D:8      | Gained mutation: You are partially covered in yellow scales. (AC +2) [potion of mutation]
  9108 | D:8      | Lost mutation: Your spells are a little harder to cast, but a little more powerful. [potion of mutation]
  9108 | D:8      | Gained mutation: Scrolls take you a little longer to read. [potion of mutation]
  9108 | D:8      | Lost mutation: Scrolls take you a little longer to read. [potion of mutation]
  9108 | D:8      | Gained mutation: You occasionally shout uncontrollably at your foes. [potion of mutation]
  9108 | D:8      | Gained mutation: You passively map a small area around you. [potion of mutation]
  9162 | D:8      | Found an ancient bone altar of Kikubaaqudgha.
  9453 | D:8      | Found a staircase to the Lair.
  9649 | D:8      | Noticed Joseph
  9665 | D:8      | Killed Joseph
  9935 | D:8      | Found a shimmering altar of Xom.
  9942 | D:8      | Found a deep blue altar of Sif Muna.
 10002 | Lair:1   | Entered Level 1 of the Lair of Beasts
 10002 | Lair:1   | Noticed a spiny frog
 10013 | Lair:1   | Killed a spiny frog
 10130 | Lair:1   | Noticed a spiny frog
 10166 | Lair:1   | Killed a spiny frog
 10356 | Lair:1   | Reached XP level 11. HP: 67/91 MP: 16/16
 11772 | Lair:2   | Noticed qwerty13's ghost (journeyman CeFi)
 12057 | Lair:2   | Banished qwerty13's ghost
 12775 | Lair:2   | Found a staircase to the Snake Pit.
 12785 | Lair:2   | HP: 3/92 [poisoned by a black mamba]
 12786 | Lair:2   | HP: 1/92 [poisoned by a black mamba]
 12786 | Lair:2   | Mangled by a black mamba

Skill      XL: |  1  2  3  4  5  6  7  8  9 10 11 |
---------------+----------------------------------+-----
Axes           | 2 3 4 6 7 9 |  9.9
Armour         | 2 3 4 5 6 7 8 |  8.2
Invocations    | 3 4 5 6 7 9 |  9.6
Dodging        | 1 2 |  2.6
Fighting       | 4 5 6 7 |  7.0
Throwing       | 1 2 |  2.0

Action                   |  1- 3 |  4- 6 |  7- 9 | 10-12 || total
-------------------------+-------+-------+-------+-------++-------
Melee: Hand axe          |   117 |   208 |   309 |   328 ||   962
       Kick              |    13 |    41 |    79 |   109 ||   242
       Headbutt          |       |       |     5 |       ||     5
Throw: Javelin           |       |     9 |    10 |     1 ||    20
Invok: Depart the Abyss  |     1 |       |       |       ||     1
       Banish            |       |       |     1 |    13 ||    14
  Use: Potion            |     2 |    11 |     1 |    10 ||    24
       Scroll            |     5 |     2 |     5 |     3 ||    15
  Eat: Chunk             |     1 |     9 |    11 |     7 ||    28
       Ration            |       |       |       |     4 ||     4
Armor: Chain mail        |   131 |   191 |   277 |   183 ||   782
       Leather armour    |     5 |       |       |       ||     5
       Skin              |       |    11 |       |       ||    11
Dodge: Dodged            |    42 |    51 |    82 |   102 ||   277
